[Event "ICC tourney 2354 (60 10)"]
[Site "Internet Chess Club"]
[Date "2021.01.30"]
[Round "3"]
[White "JediJames"]
[Black "vihaan2011"]
[Result "0-1"]
[ICCResult "White checkmated"]
[WhiteElo "885"]
[BlackElo "1307"]
[Opening "Queen's pawn game"]
[ECO "D05"]
[NIC "QP.08"]
[Time "16:01:20"]
[PlyCount "122"]
[TimeControl "3600+10"]

1. d4 d5 2. Nf3 Nf6 3. e3 e6 4. c4 c5 5. Be2 Nc6 6. O-O cxd4 7. exd4 Bd6 8.
Re1 O-O 9. Nc3 b6 10. b3 Bb4 11. Bb2 Ne4 12. Qd3 Nxc3 13. Bxc3 Bxc3 14.
Qxc3 dxc4 15. Bxc4 Bb7 16. Rad1 Ne7 17. Be2 Nd5 18. Qd2 Rc8 19. Rc1 Qf6 20.
Ne5 Rfd8 21. Ng4 Qf4 22. Qxf4 Nxf4 23. Rxc8 Rxc8 24. Bf3 Bxf3 25. gxf3 Rd8
26. Kh1 Rxd4 27. Rc1 h6 28. Ne3 Rd2 29. Rc2 Rxc2 30. Nxc2 Kf8 31. Kg1 Ke7
32. Kf1 Kd6 33. Ke1 Ke5 34. Kd2 Nd5 35. Ne3 Nxe3 36. Kxe3 f5 37. f4+ Kd5
38. Kd3 a5 39. a4 g5 40. fxg5 hxg5 41. f4 g4 42. Ke3 e5 43. fxe5 Kxe5 44.
Kf2 f4 45. Kg2 Ke4 46. Kf2 g3+ 47. hxg3 fxg3+ 48. Kxg3 Kd3 49. Kf3 Kc3 50.
Ke3 Kxb3 51. Kd3 Kxa4 52. Kc3 Ka3 53. Kc4 a4 54. Kc3 b5 55. Kc2 b4 56. Kb1
Kb3 57. Ka1 Kc2 58. Ka2 b3+ 59. Ka1 b2+ 60. Ka2 b1=Q+ 61. Ka3 Qb3# { White
checkmated } 0-1

[Event "ICC tourney 2354 (60 10)"]
[Site "Internet Chess Club"]
[Date "2021.01.30"]
[Round "3"]
[White "SamPozen"]
[Black "EkstromVT2"]
[Result "1-0"]
[ICCResult "Black checkmated"]
[WhiteElo "1293"]
[BlackElo "864"]
[Opening "French: exchange variation"]
[ECO "C01"]
[NIC "FR.01"]
[Time "16:01:04"]
[PlyCount "145"]
[TimeControl "3600+10"]

1. e4 e6 2. d4 d5 3. exd5 exd5 4. Nf3 Nf6 5. Bf4 c6 6. c4 Be7 7. Nc3 O-O 8.
Be2 Bf5 9. O-O Nbd7 10. Qb3 Nb6 11. c5 Nbd7 12. Qxb7 Qc8 13. Ba6 Qxb7 14.
Bxb7 Rad8 15. Bxc6 Nb8 16. Bxb8 Rxb8 17. b3 Be4 18. Nxe4 dxe4 19. Nd2 Rfd8
20. Nxe4 Nxe4 21. Bxe4 Rxd4 22. Rfe1 Bxc5 23. Rad1 Rbd8 24. Rxd4 Rxd4 25.
Bf3 g6 26. Rd1 Rf4 27. Rc1 Bb6 28. Rc4 Rf5 29. a4 Re5 30. Re4 Rc5 31. Rc4
Re5 32. g3 Re1+ 33. Kg2 Rb1 34. Bd5 Re1 35. b4 Re5 36. Bf3 a5 37. Rc6 Bd4
38. bxa5 Rxa5 39. Rc4 Bg7 40. Rc8+ Bf8 41. Ra8 Rxa8 42. Bxa8 Bb4 43. Kf3
Kf8 44. Ke4 Ke7 45. Kd4 Kd7 46. Kc4 Bd6 47. a5 Bb8 48. Bd5 f6 49. Kb5 Kc7
50. a6 g5 51. h4 h6 52. hxg5 hxg5 53. f4 gxf4 54. gxf4 Kd6 55. Bc4 Kc7 56.
f5 Kd6 57. Kb6 Ke5 58. Be6 Kf4 59. a7 Bxa7+ 60. Kxa7 Kg5 61. Kb7 Kh6 62.
Kc7 Kg7 63. Kd7 Kf8 64. Kd8 Kg7 65. Ke7 Kh6 66. Kxf6 Kh7 67. Ke7 Kg7 68.
f6+ Kg6 69. f7 Kg5 70. f8=Q Kg6 71. Qf6+ Kh5 72. Qg7 Kh4 73. Qg4# { Black
checkmated } 1-0

[Event "ICC tourney 2354 (60 10)"]
[Site "Internet Chess Club"]
[Date "2021.01.30"]
[Round "3"]
[White "KevKing"]
[Black "powerfulchess"]
[Result "1-0"]
[ICCResult "Black checkmated"]
[WhiteElo "1345"]
[BlackElo "928"]
[Opening "Queen's Pawn"]
[ECO "A41"]
[NIC "QO.17"]
[Time "16:14:18"]
[PlyCount "47"]
[TimeControl "3600+10"]

1. d4 d6 2. Bf4 Nf6 3. Nc3 g6 4. e4 Bg7 5. Qd2 O-O 6. O-O-O Re8 7. Bh6 Bh8
8. h4 c5 9. dxc5 dxc5 10. Qxd8 Bd7 11. Qa5 b6 12. Qa3 Ng4 13. Be3 Nf6 14.
Bb5 Bxb5 15. Nxb5 Rc8 16. Nxa7 Rc7 17. Rd8+ Kg7 18. h5 gxh5 19. Bf4 Rcxa7
20. Qg3+ Ng4 21. Rh4 Kg6 22. Rxg4+ hxg4 23. Qxg4+ Kf6 24. e5# { Black
checkmated } 1-0

[Event "ICC tourney 2354 (60 10)"]
[Site "Internet Chess Club"]
[Date "2021.01.30"]
[Round "3"]
[White "mricaud"]
[Black "stawad"]
[Result "0-1"]
[ICCResult "White checkmated"]
[WhiteElo "1291"]
[BlackElo "876"]
[Opening "Pirc defense"]
[ECO "B07"]
[NIC "PU.07"]
[Time "16:01:06"]
[PlyCount "58"]
[TimeControl "3600+10"]

1. e4 d6 2. d4 Nf6 3. Nc3 g6 4. Be3 Bg7 5. Bc4 O-O 6. Nge2 Nc6 7. O-O e6 8.
f3 d5 9. exd5 exd5 10. Bb3 Rb8 11. Nf4 b5 12. Nfxd5 a5 13. Nxf6+ Bxf6 14.
a3 Re8 15. Bf2 Bf5 16. Bd5 Qd6 17. Re1 b4 18. Rxe8+ Rxe8 19. Bg3 Qd7 20.
axb4 axb4 21. Bxc6 Qxc6 22. d5 Qc5+ 23. Bf2 Qc4 24. Na4 Bxc2 25. Qd2 Ra8
26. Rc1 Rxa4 27. Rxc2 Ra1+ 28. Be1 Bd4+ 29. Kh1 Qf1# { White checkmated }
0-1

[Event "ICC tourney 2354 (60 10)"]
[Site "Internet Chess Club"]
[Date "2021.01.30"]
[Round "3"]
[White "lemonbar"]
[Black "Ken121"]
[Result "1/2-1/2"]
[ICCResult "White stalemated"]
[WhiteElo "822"]
[BlackElo "1145"]
[Opening "QGD: 4.Bg5 Be7"]
[ECO "D53"]
[NIC "QO.13"]
[Time "16:13:41"]
[PlyCount "116"]
[TimeControl "3600+10"]

1. d4 d5 2. c4 e6 3. Nc3 Nf6 4. Bg5 Be7 5. Nf3 h6 6. Bh4 c5 7. e3 cxd4 8.
exd4 Nbd7 9. Be2 Nb6 10. cxd5 Nbxd5 11. Nxd5 Nxd5 12. Bxe7 Qxe7 13. O-O b6
14. Rc1 Bb7 15. Bc4 O-O 16. Bxd5 Bxd5 17. Re1 Rac8 18. Qe2 Rc7 19. Rxc7
Qxc7 20. Rd1 Rc8 21. h3 Qc2 22. Qxc2 Rxc2 23. Rd2 Rxd2 24. Nxd2 Bxa2 25.
Kf1 Bd5 26. g3 g5 27. Ke2 h5 28. Kd3 Bg2 29. h4 gxh4 30. gxh4 Bd5 31. f4 b5
32. b4 Kg7 33. Ke3 Kf6 34. Nf1 Kf5 35. Ng3+ Kg4 36. Ne2 Kxh4 37. Nc3 Bc4
38. Ne4 Kg4 39. Nf6+ Kh4 40. Ne4 Kh3 41. Nd6 f5 42. Nf7 Kg3 43. Ng5 h4 44.
Nxe6 Bxe6 45. d5 Bxd5 46. Kd4 Ba2 47. Ke5 h3 48. Kxf5 h2 49. Kg5 h1=Q 50.
f5 Qh8 51. f6 Qf8 52. Kg6 Qxb4 53. f7 Bxf7+ 54. Kxf7 Qf4+ 55. Kg6 b4 56.
Kh5 b3 57. Kg6 b2 58. Kh5 b1=Q { White stalemated } 1/2-1/2

[Event "ICC tourney 2354 (60 10)"]
[Site "Internet Chess Club"]
[Date "2021.01.30"]
[Round "3"]
[White "arhanj"]
[Black "Harshcrocodile"]
[Result "0-1"]
[ICCResult "White checkmated"]
[WhiteElo "1300"]
[BlackElo "928"]
[Opening "Four knights: Scotch, 4...exd4"]
[ECO "C47"]
[NIC "KP.06"]
[Time "16:01:00"]
[PlyCount "130"]
[TimeControl "3600+10"]

1. e4 e5 2. Nf3 Nc6 3. Nc3 Nf6 4. d4 exd4 5. Nxd4 Bb4 6. Nxc6 bxc6 7. Bd3
d5 8. exd5 cxd5 9. O-O O-O 10. h3 Be6 11. Bf4 Bd6 12. Bxd6 Qxd6 13. Qf3
Rab8 14. b3 Rfe8 15. Qg3 Qxg3 16. fxg3 c5 17. Rad1 c4 18. Bf5 Bxf5 19. Rxf5
cxb3 20. cxb3 Rbd8 21. Nxd5 Kf8 22. Kh2 Re6 23. Nc7 Rxd1 24. Nxe6+ fxe6 25.
Ra5 Rd7 26. b4 Nd5 27. a3 Ke7 28. Rc5 Kd6 29. Rc4 Rb7 30. g4 Rb5 31. Rc1 a5
32. bxa5 Rxa5 33. Rf1 Ke7 34. Rb1 Rxa3 35. Rb7+ Kf6 36. g5+ Kg6 37. h4 Rc3
38. h5+ Kxh5 39. Rxg7 Rc7 40. Rg8 Re7 41. Kh3 Ne3 42. Kg3 e5 43. Kf3 Ng4
44. Ke4 Rf7 45. g3 h6 46. gxh6 Nxh6 47. Rh8 Re7 48. Rf8 Kg4 49. Rf6 Nf7 50.
Rg6+ Ng5+ 51. Ke3 e4 52. Rg8 Rf7 53. Ke2 Rf3 54. Re8 Kxg3 55. Rg8 Kg4 56.
Re8 Ra3 57. Rd8 Ra5 58. Rd4 Kf4 59. Rd8 Ra2+ 60. Ke1 Nf3+ 61. Kf1 Ra1+ 62.
Ke2 Re1+ 63. Kf2 e3+ 64. Kg2 Rg1+ 65. Kh3 Rg3# { White checkmated } 0-1

[Event "ICC tourney 2354 (60 10)"]
[Site "Internet Chess Club"]
[Date "2021.01.30"]
[Round "3"]
[White "thihansa"]
[Black "CICyclones"]
[Result "1-0"]
[ICCResult "Black resigns"]
[WhiteElo "1231"]
[BlackElo "1552"]
[Opening "Scandinavian defense"]
[ECO "B01"]
[NIC "SD.03"]
[Time "16:01:33"]
[PlyCount "97"]
[TimeControl "3600+10"]

1. e4 d5 2. exd5 Nf6 3. Nc3 Nxd5 4. Nxd5 Qxd5 5. Nf3 Bg4 6. Be2 Nc6 7. c3
e5 8. Qb3 Qxb3 9. axb3 e4 10. Ng1 Bxe2 11. Nxe2 Ne5 12. O-O Bd6 13. h3 g5
14. Ng3 h5 15. Nxe4 Be7 16. d4 Nd3 17. Bxg5 Bxg5 18. Nxg5 Rg8 19. Ne4 Ke7
20. Ng3 Kd7 21. Nxh5 Rg5 22. Nf6+ Ke6 23. Ne4 Rg7 24. Ng3 f5 25. Rfd1 Nf4
26. Re1+ Kf6 27. Re5 Nd3 28. Nh5+ Kg6 29. Nxg7 Nxe5 30. Ne6 Nd3 31. Nxc7
Rc8 32. Nd5 Rd8 33. Ne3 Nxb2 34. Rxa7 Rb8 35. Nc4 Nxc4 36. bxc4 b5 37. c5
b4 38. cxb4 Rxb4 39. c6 Rc4 40. c7 Kg5 41. Kf1 Rc2 42. d5 Kf4 43. d6 Ke4
44. d7 Kd3 45. d8=Q+ Kc3 46. c8=Q+ Kb2 47. Qxc2+ Kxc2 48. Rc7+ Kb3 49. Qb8+
{ Black resigns } 1-0

[Event "ICC tourney 2354 (60 10)"]
[Site "Internet Chess Club"]
[Date "2021.01.30"]
[Round "3"]
[White "adkot"]
[Black "TweensGambit"]
[Result "1-0"]
[ICCResult "Black checkmated"]
[WhiteElo "1523"]
[BlackElo "1383"]
[Opening "Sicilian"]
[ECO "B50"]
[NIC "SI.01"]
[Time "16:00:41"]
[PlyCount "93"]
[TimeControl "3600+10"]

1. e4 c5 2. Nf3 d6 3. c3 Nf6 4. h3 Nxe4 5. Qa4+ Nc6 6. Qxe4 e6 7. d4 cxd4
8. Nxd4 Nxd4 9. Qxd4 b6 10. Qe4 Rb8 11. Bb5+ Bd7 12. Bxd7+ Qxd7 13. O-O Be7
14. Bf4 O-O 15. Nd2 Rfc8 16. Qf3 Bf6 17. Qg3 e5 18. Bg5 Bxg5 19. Qxg5 Rc5
20. Ne4 Kh8 21. Nxc5 bxc5 22. Rad1 Rxb2 23. Qxe5 Rb6 24. Rfe1 h6 25. Qe8+
Qxe8 26. Rxe8+ Kh7 27. Ra8 Rb2 28. Rxa7 Rc2 29. Rxd6 Rxc3 30. Rxf7 Rc1+ 31.
Kh2 Re1 32. Rdd7 Kg6 33. Rxg7+ Kf5 34. Rdf7+ Ke6 35. Re7+ Kd5 36. Rxe1 c4
37. Rd7+ Kc5 38. Rdd1 c3 39. Rc1 Kc4 40. Re3 Kd4 41. Rcxc3 Kd5 42. a4 Kd6
43. a5 Kd5 44. a6 Kd4 45. a7 Kd5 46. a8=Q+ Kd4 47. Qd8# { Black checkmated
} 1-0

[Event "ICC tourney 2354 (60 10)"]
[Site "Internet Chess Club"]
[Date "2021.01.30"]
[Round "3"]
[White "CBH142"]
[Black "kevin2010"]
[Result "0-1"]
[ICCResult "White resigns"]
[WhiteElo "1413"]
[BlackElo "1126"]
[Opening "Sicilian defense"]
[ECO "B40"]
[NIC "SI.43"]
[Time "16:01:16"]
[PlyCount "64"]
[TimeControl "3600+10"]

1. e4 c5 2. Nf3 e6 3. d3 Nc6 4. Nbd2 Nf6 5. g3 Be7 6. Bg2 O-O 7. O-O d6 8.
Re1 e5 9. Nf1 Nd4 10. h4 Bg4 11. N1h2 Be6 12. c3 Nxf3+ 13. Nxf3 Qd7 14. Bg5
h6 15. Be3 Rad8 16. d4 cxd4 17. cxd4 exd4 18. Nxd4 Bh3 19. Kh2 Ng4+ 20. Kg1
Bxg2 21. Kxg2 Ne5 22. f4 Ng4 23. f5 Nf6 24. Bf2 Rfe8 25. Qc2 d5 26. exd5
Qxd5+ 27. Kf1 Qh1+ 28. Ke2 Bb4+ 29. Kd3 Bxe1 30. Bxe1 Rxe1 31. Rxe1 Qxe1
32. Kc4 Rc8+ { White resigns } 0-1

[Event "ICC tourney 2354 (60 10)"]
[Site "Internet Chess Club"]
[Date "2021.01.30"]
[Round "3"]
[White "TommyBrady1"]
[Black "ABGame"]
[Result "1-0"]
[ICCResult "Black resigns"]
[WhiteElo "869"]
[BlackElo "1285"]
[Opening "French: exchange variation"]
[ECO "C01"]
[NIC "FR.01"]
[Time "16:01:14"]
[PlyCount "49"]
[TimeControl "3600+10"]

1. e4 e6 2. d4 d5 3. exd5 exd5 4. Nf3 Bd6 5. Qe2+ Ne7 6. Qd1 Bf5 7. Bd3 O-O
8. O-O h6 9. Nc3 c6 10. Bd2 Bxd3 11. cxd3 Nd7 12. Ne5 Nxe5 13. dxe5 Bxe5
14. Re1 Bf6 15. Bf4 Ng6 16. Bg3 Qb6 17. Rb1 Qa5 18. a3 Bxc3 19. bxc3 Qxc3
20. Rb3 Qa5 21. Rxb7 Qxa3 22. Rd7 Rfd8 23. Bd6 Qa5 24. Bc7 Qb5 25. Rxd8+ {
Black resigns } 1-0

[Event "ICC tourney 2354 (60 10)"]
[Site "Internet Chess Club"]
[Date "2021.01.30"]
[Round "3"]
[White "JackOliver"]
[Black "chessamongus"]
[Result "1/2-1/2"]
[ICCResult "Game drawn by repetition"]
[WhiteElo "1461"]
[BlackElo "1705"]
[Opening "Queen's pawn game"]
[ECO "A45"]
[NIC "QP.07"]
[Time "16:00:51"]
[PlyCount "84"]
[TimeControl "3600+10"]

1. d4 Nf6 2. c3 d5 3. Bf4 c5 4. e3 Nc6 5. Nf3 Qb6 6. Qb3 c4 7. Qc2 g6 8.
Nbd2 Bg7 9. Be2 O-O 10. O-O Nd7 11. e4 e6 12. e5 Qc7 13. Bg3 b5 14. a4 b4
15. cxb4 Nxb4 16. Qc3 a5 17. Nb3 Qb6 18. Nc1 Nb8 19. Na2 N8c6 20. Nxb4 Nxb4
21. Ne1 Bd7 22. f4 Rab8 23. Bf2 Na6 24. Ra2 Rfc8 25. Nf3 Rc7 26. Be1 Nb4
27. Ra1 Rcb7 28. Bd2 Bf8 29. Ng5 Be7 30. Nf3 Nc6 31. Bc1 Bb4 32. Qe3 Ne7
33. g4 Rc8 34. Ng5 c3 35. Qh3 Kf8 36. Qxh7 Be8 37. Qh6+ Kg8 38. Qh7+ Kf8
39. Qh6+ Kg8 40. Qh7+ Kf8 41. Qh6+ Kg8 42. Qh7+ Kf8 { Game drawn by
repetition } 1/2-1/2

[Event "ICC tourney 2354 (60 10)"]
[Site "Internet Chess Club"]
[Date "2021.01.30"]
[Round "3"]
[White "Franklyn2009"]
[Black "brarsaab1"]
[Result "1/2-1/2"]
[ICCResult "Game drawn by mutual agreement"]
[WhiteElo "1720"]
[BlackElo "1250"]
[Opening "Queen's pawn game, Darooha variation "]
[ECO "D02"]
[NIC "QP.08"]
[Time "16:00:41"]
[PlyCount "105"]
[TimeControl "3600+10"]

1. d4 d5 2. Nf3 Nf6 3. g3 e6 4. Bg2 c5 5. O-O Nc6 6. c4 cxd4 7. Nxd4 Nxd4
8. Qxd4 Qb6 9. Qxb6 axb6 10. cxd5 Nxd5 11. Rd1 Bc5 12. Bxd5 exd5 13. Rxd5
O-O 14. Nc3 Be6 15. Rd1 Rad8 16. Bg5 f6 17. Bf4 g5 18. Bd2 Bb4 19. Be3 Kg7
20. Bxb6 Ra8 21. Bd4 Bxc3 22. Bxc3 Rxa2 23. Rxa2 Bxa2 24. Ra1 Bc4 25. e3 g4
26. Ra7 Rf7 27. Ra5 Be2 28. b4 Rd7 29. Bd4 b6 30. Ra1 b5 31. h3 gxh3 32.
Kh2 Bg4 33. Ra5 Rb7 34. Ra6 Rf7 35. e4 Bc8 36. Rb6 Bd7 37. e5 fxe5 38.
Bxe5+ Kg8 39. Bd4 h5 40. Rg6+ Kh7 41. Rb6 Re7 42. Be3 Re6 43. Rb7 Re7 44.
Bd4 Kg6 45. Rb6+ Re6 46. Rb8 Kf5 47. Be3 Ke4 48. Rf8 Kd3 49. Rf4 Re4 50.
Rf6 Ke2 51. Rd6 Bg4 52. Rd2+ Kf3 53. Rb2 { Game drawn by mutual agreement }
1/2-1/2

[Event "ICC tourney 2354 (60 10)"]
[Site "Internet Chess Club"]
[Date "2021.01.30"]
[Round "3"]
[White "FabulousRocket"]
[Black "cherrychopper"]
[Result "1-0"]
[ICCResult "Black checkmated"]
[WhiteElo "1101"]
[BlackElo "1380"]
[Opening "QGD Slav defense"]
[ECO "D10"]
[NIC "SL.01"]
[Time "16:01:33"]
[PlyCount "93"]
[TimeControl "3600+10"]

1. d4 d5 2. c4 c6 3. Nc3 Nf6 4. Bg5 b6 5. e3 e6 6. Nf3 Ba6 7. Nd2 Bd6 8. h3
Qc7 9. Be2 Nbd7 10. O-O h6 11. Bxf6 Nxf6 12. cxd5 exd5 13. Bxa6 b5 14. a4
b4 15. Ne2 Qb6 16. Bd3 O-O-O 17. Rc1 a6 18. Qc2 Kb7 19. a5 Qc7 20. Ra1 g5
21. e4 dxe4 22. Nxe4 Nxe4 23. Bxe4 g4 24. h4 Rhg8 25. g3 Rc8 26. d5 c5 27.
Qc4 Qd7 28. Bd3 Ra8 29. Nc1 Qc7 30. Kg2 f5 31. Bxf5 Raf8 32. Bd3 Ra8 33.
Nb3 Rgc8 34. Nd2 h5 35. Ne4 Rf8 36. Nxd6+ Qxd6 37. Be4 Rfe8 38. Bd3 Rec8
39. Rfe1 Re8 40. b3 Rf8 41. Re6 Qd7 42. Rb6+ Kc7 43. Qxc5+ Kd8 44. Qxf8+
Kc7 45. d6+ Qxd6 46. Qxd6+ Kc8 47. Bf5# { Black checkmated } 1-0

[Event "ICC tourney 2354 (60 10)"]
[Site "Internet Chess Club"]
[Date "2021.01.30"]
[Round "3"]
[White "SAAaron"]
[Black "CommissionerG"]
[Result "1/2-1/2"]
[ICCResult "Game drawn by mutual agreement"]
[WhiteElo "1627"]
[BlackElo "1397"]
[Opening "Sicilian: Boleslavsky variation, 7.Nb3"]
[ECO "B59"]
[NIC "SI.25"]
[Time "16:01:04"]
[PlyCount "83"]
[TimeControl "3600+10"]

1. e4 c5 2. Nf3 Nc6 3. d4 cxd4 4. Nxd4 Nf6 5. Nc3 d6 6. Be2 e5 7. Nb3 Be6
8. Be3 Be7 9. f3 d5 10. exd5 Nxd5 11. Nxd5 Bxd5 12. Nc5 Bxc5 13. Bxc5 Qa5+
14. b4 Nxb4 15. Bxb4 Qxb4+ 16. Qd2 Qxd2+ 17. Kxd2 O-O-O 18. Ke3 f5 19. c4
Bf7 20. c5 f4+ 21. Kf2 Rd2 22. Rhc1 Rxa2 23. Rxa2 Bxa2 24. Ra1 Be6 25. Rxa7
Kb8 26. Ra5 Rd8 27. Ra4 Rd5 28. Bc4 Rd2+ 29. Be2 Rc2 30. g3 g5 31. c6 bxc6
32. Ra5 c5 33. Ra4 g4 34. gxf4 gxf3 35. Kxf3 exf4 36. Rxf4 Bd5+ 37. Ke3
Rc3+ 38. Kd2 Rh3 39. Rf5 Bc6 40. Rxc5 Kb7 41. Rh5 Rxh5 42. Bxh5 { Game
drawn by mutual agreement } 1/2-1/2

[Event "ICC tourney 2354 (60 10)"]
[Site "Internet Chess Club"]
[Date "2021.01.30"]
[Round "3"]
[White "DanielA1926"]
[Black "Noahchess328"]
[Result "1-0"]
[ICCResult "Black resigns"]
[WhiteElo "1771"]
[BlackElo "1577"]
[Opening "QGD Slav: exchange variation"]
[ECO "D13"]
[NIC "SL.02"]
[Time "16:00:46"]
[PlyCount "73"]
[TimeControl "3600+10"]

1. d4 d5 2. Nf3 Nf6 3. c4 c6 4. cxd5 cxd5 5. Nc3 Nc6 6. Bf4 a6 7. e3 Bg4 8.
Be2 e6 9. O-O Be7 10. h3 Bh5 11. a3 O-O 12. Rc1 Rc8 13. Na4 Nd7 14. b4 Na7
15. Qb3 Re8 16. Nc5 Nxc5 17. bxc5 Qd7 18. Ne5 Qd8 19. Bxh5 g6 20. Be2 Qa5
21. Qc3 Qd8 22. Rb1 g5 23. Bh2 Nc6 24. Nxc6 bxc6 25. Rb6 a5 26. Ba6 Ra8 27.
Bb7 Ra7 28. Bxc6 Rf8 29. Bb8 Rc7 30. Bxc7 Qxc7 31. Ba4 Rc8 32. Rc6 Qb7 33.
Rxc8+ Qxc8 34. c6 Qc7 35. Rb1 Bd6 36. Rb7 Bh2+ 37. Kh1 { Black resigns }
1-0

[Event "ICC tourney 2354 (60 10)"]
[Site "Internet Chess Club"]
[Date "2021.01.30"]
[Round "3"]
[White "pinkjam82"]
[Black "CoolBoy2020"]
[Result "0-1"]
[ICCResult "White resigns"]
[WhiteElo "1588"]
[BlackElo "2197"]
[Opening "King's Indian: Andersson variation"]
[ECO "E92"]
[NIC "KI.18"]
[Time "16:00:41"]
[PlyCount "114"]
[TimeControl "3600+10"]

1. d4 Nf6 2. c4 g6 3. Nc3 Bg7 4. e4 d6 5. Nf3 O-O 6. Be2 e5 7. dxe5 dxe5 8.
Qxd8 Rxd8 9. Bg5 Re8 10. Nd5 Nxd5 11. cxd5 c6 12. Bc4 b5 13. Bb3 c5 14. O-O
Nd7 15. Rfd1 Bb7 16. Rac1 c4 17. Bc2 Bf8 18. Bb1 Rac8 19. Rd2 Bd6 20. Ne1
a5 21. Rdc2 Nc5 22. f3 Ba6 23. g3 b4 24. Be3 a4 25. Bxc5 Bxc5+ 26. Kg2 b3
27. axb3 axb3 28. Re2 Bd4 29. f4 c3 30. Bd3 cxb2 31. Rb1 Bxd3 32. Nxd3 Rc2
33. Kf1 exf4 34. Nxb2 f3 35. Rxc2 bxc2 36. Rc1 Bxb2 37. Rxc2 Be5 38. Kf2
Kf8 39. Kxf3 Ke7 40. Rc6 Rb8 41. Rc2 Rb3+ 42. Kg4 Rb4 43. Kf3 h5 44. Re2
Rb3+ 45. Kf2 Rb2 46. Rxb2 Bxb2 47. Ke3 Kd6 48. Kf4 Bc1+ 49. Kf3 Ke5 50. h3
Bg5 51. h4 Bh6 52. g4 hxg4+ 53. Kxg4 Bf8 54. Kg5 Be7+ 55. Kg4 Kxe4 56. h5
f5+ 57. Kg3 gxh5 { White resigns } 0-1

[Event "ICC tourney 2354 (60 10)"]
[Site "Internet Chess Club"]
[Date "2021.01.30"]
[Round "3"]
[White "SAHYMS-Subi"]
[Black "ROYCHOI"]
[Result "0-1"]
[ICCResult "White checkmated"]
[WhiteElo "1156"]
[BlackElo "1417"]
[Opening "English: Bremen, reverse dragon"]
[ECO "A22"]
[NIC "EO.10"]
[Time "16:00:45"]
[PlyCount "110"]
[TimeControl "3600+10"]

1. c4 e5 2. Nc3 Nf6 3. g3 d5 4. b3 Bb4 5. Bg2 d4 6. Nd5 Nxd5 7. cxd5 O-O 8.
e3 Re8 9. a3 Bc5 10. b4 Bb6 11. d3 Nd7 12. Ne2 Nf6 13. O-O Nxd5 14. e4 Nf6
15. Bg5 Bd7 16. f4 h6 17. Bxf6 Qxf6 18. fxe5 Qxe5 19. Nf4 Be6 20. Nxe6 Rxe6
21. Rf5 Qd6 22. Bh3 Re5 23. Qf3 Rxf5 24. Qxf5 Re8 25. Rf1 Qe7 26. a4 a6 27.
a5 Ba7 28. Qd5 c6 29. Qc4 Kf8 30. Bg4 g6 31. h4 h5 32. Bh3 f6 33. Rf2 Qf7
34. Qc1 Kg7 35. Qf1 Bb8 36. g4 hxg4 37. Bxg4 Bg3 38. Rg2 Bxh4 39. Bh5 Bg5
40. Bg4 Qb3 41. Rh2 Rh8 42. Rxh8 Kxh8 43. Qh3+ Kg7 44. Bc8 Qxb4 45. Qd7+
Kh6 46. Qe8 Be3+ 47. Kg2 Qd2+ 48. Kf3 Qf2+ 49. Kg4 Qf4+ 50. Kh3 Bf2 51.
Qh8+ Kg5 52. Kg2 Qg3+ 53. Kf1 Be3 54. Ke2 Qf2+ 55. Kd1 Qd2# { White
checkmated } 0-1

[Event "ICC tourney 2354 (60 10)"]
[Site "Internet Chess Club"]
[Date "2021.01.30"]
[Round "3"]
[White "JulianLoshak"]
[Black "JudeNYC"]
[Result "0-1"]
[ICCResult "White checkmated"]
[WhiteElo "1101"]
[BlackElo "1622"]
[Opening "Caro-Kann: advance variation"]
[ECO "B12"]
[NIC "CK.02"]
[Time "16:01:33"]
[PlyCount "142"]
[TimeControl "3600+10"]

1. e4 c6 2. d4 d5 3. e5 c5 4. c3 Nc6 5. Nf3 Bg4 6. Bb5 e6 7. O-O cxd4 8.
cxd4 Qb6 9. Bxc6+ bxc6 10. Nc3 Bxf3 11. Qxf3 Qxd4 12. Re1 Qb6 13. Bf4 Ne7
14. b3 Ng6 15. Rac1 Be7 16. Rcd1 Qb7 17. Qg3 Bb4 18. Bd2 Bxc3 19. Qxc3 O-O
20. Re3 Rfd8 21. Rh3 Qc7 22. f4 Qb6+ 23. Be3 Nxf4 24. Bxb6 Ne2+ 25. Kf1
Nxc3 26. Rxc3 axb6 27. Rxc6 Rxa2 28. Rdc1 Ra6 29. Rc8 Ra8 30. R8c6 Rab8 31.
b4 Kf8 32. b5 Ke8 33. Rc7 d4 34. Ke1 d3 35. Kd2 Ra8 36. Rf1 Ra2+ 37. Ke3
Re2+ 38. Kf3 Rxe5 39. Rd1 d2 40. Rc2 Rxb5 41. Rcxd2 Rxd2 42. Rxd2 Rb1 43.
Rc2 b5 44. Kg3 b4 45. Rc8+ Ke7 46. Rb8 b3 47. Rb7+ Kf6 48. h3 b2 49. h4 Ke5
50. h5 Kd4 51. Rb8 Ke3 52. Rb3+ Kd2 53. Rb8 e5 54. Rd8+ Ke2 55. Rb8 e4 56.
Rb7 e3 57. Rb8 Kf1 58. Rb7 e2 59. Rxf7+ Kg1 60. Rxg7 e1=Q+ 61. Kh3 Qe3+ 62.
Rg3 Qxg3+ 63. Kxg3 Rc1 64. h6 b1=Q 65. Kf3 Qd3+ 66. Kf4 Rc4+ 67. Ke5 Qd4+
68. Ke6 Rc5 69. Ke7 Rc6 70. Ke8 Rc7 71. Kf8 Qh8# { White checkmated } 0-1

[Event "ICC tourney 2354 (60 10)"]
[Site "Internet Chess Club"]
[Date "2021.01.30"]
[Round "3"]
[White "Fundog4"]
[Black "Heliosis"]
[Result "0-1"]
[ICCResult "White checkmated"]
[WhiteElo "1150"]
[BlackElo "1913"]
[Opening "Center game: Paulsen attack"]
[ECO "C22"]
[NIC "KP.04"]
[Time "16:01:07"]
[PlyCount "104"]
[TimeControl "3600+10"]

1. e4 e5 2. d4 exd4 3. Qxd4 Nc6 4. Qe3 d6 5. Nf3 Nf6 6. Nc3 Be7 7. Bb5 O-O
8. Bd2 a6 9. Be2 Ng4 10. Qd3 Nb4 11. Qc4 Nxc2+ 12. Kf1 Nxa1 13. Bd3 b5 14.
Qd5 Be6 15. Qc6 Bd7 16. Qd5 c6 17. Qd4 c5 18. Qd5 Qc8 19. a3 Be6 20. Qh5 g6
21. Qh3 Ne3+ 22. Bxe3 Bxh3 23. gxh3 Qxh3+ 24. Ke2 Nb3 25. Nd5 Bd8 26. Bf4
Qh5 27. Rg1 Nd4+ 28. Kf1 Qxf3 29. Rg3 Qd1+ 30. Kg2 Bh4 31. Rh3 Qg4+ 32. Bg3
Qf3+ 33. Kg1 Qxd3 34. Nf4 Qd1+ 35. Kg2 Qf3+ 36. Kg1 Bxg3 37. hxg3 Ne2+ 38.
Nxe2 Qxe2 39. Rh4 Rae8 40. Kg2 Rxe4 41. Rxe4 Qxe4+ 42. Kg1 Qb1+ 43. Kh2
Qxb2 44. Kg1 c4 45. Kh2 c3 46. Kg2 c2 47. Kf3 c1=Q 48. Kg2 Qc6+ 49. Kh3 Qf3
50. Kh4 Qd4+ 51. Kh3 Qdxf2 52. Kh4 Q2xg3# { White checkmated } 0-1

[Event "ICC tourney 2354 (60 10)"]
[Site "Internet Chess Club"]
[Date "2021.01.30"]
[Round "3"]
[White "Morganito"]
[Black "andrew166"]
[Result "1-0"]
[ICCResult "Black checkmated"]
[WhiteElo "1805"]
[BlackElo "1525"]
[Opening "King's Indian: Kramer system"]
[ECO "E70"]
[NIC "KI.52"]
[Time "16:00:45"]
[PlyCount "71"]
[TimeControl "3600+10"]

1. d4 Nf6 2. c4 g6 3. Nc3 Bg7 4. e4 d6 5. Nge2 O-O 6. f3 e5 7. dxe5 dxe5 8.
Qxd8 Rxd8 9. Nd5 Nxd5 10. cxd5 c6 11. Nc3 cxd5 12. Nxd5 Nc6 13. Bg5 Rd6 14.
O-O-O Kf8 15. Bb5 Be6 16. Bxc6 Rxc6+ 17. Kb1 h6 18. Be7+ Ke8 19. Ba3 f5 20.
Rhf1 Bf8 21. Bxf8 Kxf8 22. Rf2 Rd8 23. Rfd2 Rcd6 24. g3 Kf7 25. Rc1 Bxd5
26. exd5 Kf6 27. Rc5 e4 28. fxe4 fxe4 29. Re2 Ke5 30. Rc4 Rxd5 31. Rcxe4+
Kf6 32. Re6+ Kf5 33. h3 R8d6 34. R6e3 Rd3 35. Rf2+ Kg5 36. Re5# { Black
checkmated } 1-0